 Dungeon Crawl Stone Soup version 0.29-a0-334-gb41bcbb86e (webtiles) character file.

Game seed: 5056573647996512307

25 spaghetti the Skirmisher (level 2, 24/24 HPs)
             Began as a Mummy Fighter on Apr 13, 2022.
             Was a Follower of Uskayaw.
             Quit the game on level 1 of the Dungeon.
             The game lasted 00:01:03 (797 turns).

spaghetti the Skirmisher (Mummy Fighter)             Turns: 797, Time: 00:01:04

Health: 24/24      AC:  6    Str: 19    XL:     2   Next: 86%
Magic:  2/2        EV:  9    Int:  7    God:    Uskayaw [*.....]
Gold:   9          SH:  4    Dex: 11    Spells: 1/1 levels left

rFire   x . .      SeeInvis .   a - +0 flail {mace}
rCold   + . .      Faith    .   c - +0 buckler
rNeg    + + +      Spirit   .   b - +0 scale mail
rPois   ∞          Reflect  .   (no helmet)
rElec   .          Harm     .   (no cloak)
rCorr   .          Rampage  .   (no gloves)
Will    .....                   (no boots)
Stlth   ..........              (no amulet)
HPRegen 0.08/turn               (no ring)
MPRegen 0.08/turn               (no ring)

@: no status effects
A: cold resistance 1, negative energy resistance 3, torment resistance 2, heat
vulnerability 1, no potions
a: Renounce Religion, Stomp


You were on level 1 of the Dungeon.
You worshipped Uskayaw.
Uskayaw was noncommittal.
You visited 1 branch of the dungeon, and saw 1 of its levels.

You collected 9 gold pieces.


Innate Abilities, Weirdness & Mutations

You are immune to poison.
Your flesh is cold resistant. (rC+)
You are immune to negative energy. (rN+++)
You are immune to unholy pain and torment.
You are vulnerable to heat. (rF-)
You do not drink.


   Skills:
 - Level 3.0 Fighting
 - Level 1.5 Maces & Flails
 + Level 2.9 Armour
 + Level 3.0 Shields


You had one spell level left.
You didn't know any spells.
Your spell library was empty.

Inventory:

Hand Weapons
 a - a +0 flail (weapon) {mace}
Missiles
 e - 3 stones (quivered) {throwing}
Armour
 b - a +0 scale mail (worn)
 c - a +0 buckler (worn)
Scrolls
 d - 2 scrolls of teleportation {unknown}
 f - a scroll of noise {unknown}
 g - a scroll of immolation {unknown}

Dungeon Overview and Level Annotations

Branches:
Dungeon (1/15)

Altars:
Uskayaw

Shops:
D:1

* #.# #.#.#.#
##.###.#.#.# ###.##
.....#.#.#)# #≈≈≈≈#
######.#.#.##≈≈≈≈≈≈ ##
.........#.#≈≈≈≈≈≈ ≈≈#
.......#...≈≈≈≈≈b≈ ≈≈##
...#####.#.≈≈≈#####≈≈≈≈#
...# #.#≈≈≈≈#...#≈≈≈≈#
...# #.#≈≈≈≈#.@.#≈≈≈≈#
...#####.#≈≈≈≈#...#≈≈≈≈#
...#.......≈≈≈##'## ≈≈#
...#.......≈≈≈≈≈.# #
...#........≈≈#..#
...#........≈...##
...#..........###
.#######.###### ....#
#.#


You could see a bat.


Message History

A bat is nearby!
You hit the bat but do no damage. The bat hits you but does no damage.
The bat barely misses you. 😕 HP[+1]
You hit the bat. The bat barely misses you.
You barely miss the bat. The bat barely misses you. The bat hits you. 😕 HP[-1]
You take 1 damage, and now have 22/24 hp.
You sock the bat!
You kill the bat!
Found a stone staircase leading down. 😎 HP[+2]
Your hp is fully restored (24).
f - a scroll labelled DOCHEME IWIFF A ball python comes into view.
The ball python hisses angrily.
The ball python moves out of view.
You barely miss the ball python. The ball python barely misses you.
The ball python grabs you. The ball python constricts you.
The ball python bites you.
The ball python constricts you. 😕 HP[-3]
You take 3 damage, and now have 21/24 hp.
You closely miss the ball python. The ball python barely misses you.
The ball python constricts you. 😕 HP[-1]
You take 1 damage, and now have 20/24 hp.
You completely miss the ball python. The ball python barely misses you.
The ball python constricts you.
The ball python bites you but does no damage.
The ball python constricts you.
You barely miss the ball python. The ball python closely misses you.
The ball python constricts you.
You thump the ball python!
You kill the ball python! 😕 HP[+1] Unknown command.
Found Naumopto's Assorted Antiques. 😎 HP[+3]
Your hp is fully restored (24).
There is an entrance to Naumopto's Assorted Antiques here.
You can access your shopping list by pressing '$'.
Key pressed, stopping explore.
g - a scroll labelled VOTO TAATUPPYQA You see here a ruby potion.
Key pressed, stopping explore.
You open the door.
You see here a ruby potion.
You see here a ruby potion.
There is an entrance to Naumopto's Assorted Antiques here.
A goblin comes into view. It is wielding a +0 dagger.
The goblin shouts!
The goblin hits you but does no damage.
You sock the goblin!
You kill the goblin!
No target in view!
No target in view!
No target in view!
No target in view!
No target in view!
No target in view!
No target in view!
You see here a +0 dagger {short}.
You open the door.
Found a faded altar of an unknown god.
A bat comes into view.
The bat moves out of view.
There is an open door here.
There is an open door here.
A goblin comes into view. It is wielding a +0 dagger.
The goblin shouts!
You closely miss the goblin. The goblin hits you but does no damage.
You barely miss the goblin. You block the goblin's attack.
The goblin hits you but does no damage.
You hit the goblin but do no damage. The goblin hits you but does no damage.
You barely miss the goblin. The goblin hits you but does no damage.
You hit the goblin.
You kill the goblin!
Your Shields skill increases to level 3!
No target in view!
No target in view!
No target in view!
No target in view!
No target in view!
You enter the shallow water.
Moving in this stuff is going to be slow.
There is an open door here.
A bat comes into view.
There is a faded altar of an unknown god here.
You cannot tell which god this altar belongs to.
Convert to them anyway?
Uskayaw accepts your prayer! Uskayaw welcomes you!
You can now stomp with the beat.
No reachable target in view!
A bat is nearby!
A bat is nearby!
A bat is nearby!
A bat is nearby!
Are you sure you want to abandon this character and quit the game? (Confirm with "yes".)

Skill      XL: |  1  2 |
---------------+-------+-----
Shields        | 3 |  3.0
Fighting       | |  3.0
Maces & Flails | |  1.5
Armour         | |  2.9

Action                   || total
-------------------------++-------
Melee: Flail             ||    69
Armor: Scale mail        ||    45
Dodge: Dodged            ||    38
Block: Buckler           ||    12

Levels and vault maps discovered:
D:1:      dpeg_arrival_round_a, layout_basic, serial_shops, nicolae_shop_trees,
          nicolae_ecumenical_lake_church

Notes
Turn   | Place    | Note
-------+----------+-------------------------------------------
     0 | D:1      | spaghetti the Mummy Fighter began the quest for the Orb.
     0 | D:1      | Reached XP level 1. HP: 18/18 MP: 1/1
     0 | D:1      | magus.rc [v1.9.6]
   128 | D:1      | Reached XP level 2. HP: 16/24 MP: 2/2
   506 | D:1      | Found Naumopto's Assorted Antiques.
   750 | D:1      | Found a faded altar of an unknown god.
   779 | D:1      | Reached skill level 3 in Shields
   796 | D:1      | Prayed at the altar of an unknown god.
   796 | D:1      | Became a worshipper of Uskayaw the Reveller
   796 | D:1      | Reached * piety under Uskayaw
   797 | D:1      | Quit the game

Vanquished Creatures
  2 bats (D:1)
  A giant cockroach (D:1)
  3 goblins (D:1)
  7 jackals (D:1)
  A quokka (D:1)
  3 ball pythons (D:1)
  2 kobolds (D:1)
  2 rats (D:1)
21 creatures vanquished.

Table legend:
 A = Non-vault XP
 B = Vault XP
 C = Vault XP percentage of total XP
 D = Non-vault monster count
 E = Vault monster count
 F = Vault count percentage of total count
                 A         B        C        D         E       F
            +---------+---------+-------+---------+---------+-------
      Total |      37 |       0 |   0.0 |      21 |       0 |   0.0
            +---------+---------+-------+---------+---------+-------
        D:1 |      37 |       0 |   0.0 |      21 |       0 |   0.0
            +---------+---------+-------+---------+---------+-------

Illustrated notes

Table legend:
 A = Kills in this place as a percentage of kills in entire the game.
 B = Kills by you in this place as a percentage of kills by you in the entire game.
 C = Kills by friends in this place as a percentage of kills by friends in the entire game.
 D = Other kills in this place as a percentage of other kills in the entire game.
 E = Experience gained in this place as a percentage of experience gained in the entire game.
 F = Experience gained in this place divided by the number of levels of this place that you have seen.
                   A       B       C       D       E      F
               +-------+-------+-------+-------+-------+----------------------
         Total | 100.0 | 100.0 |   N/A |   N/A | 100.0 |  37.0
       Dungeon | 100.0 | 100.0 |   N/A |   N/A | 100.0 |  37.0
               +-------+-------+-------+-------+-------+----------------------

Table legend: (Time is in decaauts)
 A = Elapsed time spent in this place.
 B = Non-inter-level travel time spent in this place.
 C = Inter-level travel time spent in this place.
 D = Time resting spent in this place.
 E = Time spent auto-exploring this place.
 F = Levels seen in this place.
 G = Mean time per level.
                   A        B        C        D        E       F      G
               +--------+--------+--------+--------+--------+-----+--------+
         Total |    822 |    811 |     11 |    119 |    538 |   1 |  822.0 |
       Dungeon |    822 |    811 |     11 |    119 |    538 |   1 |  822.0 |
               +--------+--------+--------+--------+--------+-----+--------+

Top non-repeatable levels by time:
     D:1: 822 daAuts
